 Dungeon Crawl Stone Soup version 0.25.1-2-g60ff931df9 (webtiles) character file.

Game seed: 6831472600939499808

145 Acheron the Skirmisher (level 5, 0/41 HPs)
             Began as a Demonspawn Abyssal Knight on Aug 19, 2020.
             Was a Believer of Lugonu.
             Slain by a bullfrog (6 damage)
             ... on level 7 of the Dungeon.
             The game lasted 00:16:34 (4862 turns).

Acheron the Skirmisher (Demonspawn Abyssal Knight)  Turns: 4862, Time: 00:16:35

Health: 0/41       AC:  7    Str: 12    XL:     5   Next: 6%
Magic:  0/7        EV: 11    Int: 13    God:    Lugonu [**....]
Gold:   185        SH:  0    Dex: 14    Spells: 4/4 levels left

rFire    . . .     SeeInvis .   a - +1 hand axe
rCold    . . .     Gourm    .   (no shield)
rNeg     . . .     Faith    .   u - +0 scale mail
rPois    .         Spirit   +   (no helmet)
rElec    .         Reflect  .   (no cloak)
rCorr    .         Harm     .   (no gloves)
MR       .....                  C - +0 pair of boots
Stlth    ++........             (no amulet)
HPRegen  0.13/turn              i - ring of stealth
MPRegen  0.10/turn              (no ring)

@: no status effects
A: magic shield, sturdy frame 2
a: Depart the Abyss, Bend Space, Renounce Religion


You were on level 7 of the Dungeon.
You worshipped Lugonu.
Lugonu was pleased with you.
You were not hungry.

You visited 1 branch of the dungeon, and saw 7 of its levels.
You visited the Abyss 1 time.

You collected 185 gold pieces.

Inventory:

Hand Weapons
 a - a +1 hand axe (weapon)
 m - a +0 hunting sling
 n - a +0 short sword
 s - a +0 dagger of draining
 t - a +2 whip of flaming
Missiles
 f - 15 poisoned darts
 j - 111 stones (quivered)
 A - 23 sling bullets
Armour
 b - a +0 leather armour
 u - a +0 scale mail (worn)
 w - a +0 kite shield
 C - a +0 pair of boots (worn)
Jewellery
 i - a ring of stealth (left hand)
Wands
 p - a wand of iceblast (5)
Scrolls
 l - 3 scrolls of remove curse
 q - 2 scrolls of identify
Potions
 e - a potion of curing
 g - a potion of lignification {unknown}
 h - 2 potions of resistance {unknown}
 k - 2 potions of flight {unknown}
 o - 2 potions of brilliance {unknown}
 r - a potion of might {unknown}
 v - a potion of berserk rage {unknown}
Comestibles
 c - 5 rations


   Skills:
 * Level 3.5 Fighting
 + Level 2.9 Axes
 + Level 2.0 Armour
 * Level 1.8 Dodging
 * Level 1.4 Stealth
 * Level 0.3 Shields
 * Level 0.4 Spellcasting
 * Level 3.3 Invocations
 * Level 0.2 Evocations


You had 4 spell levels left.
You didn't know any spells.
Your spell library contained the following spells:

 Spells                   Type           Power        Failure   Level  Hunger
 Irradiate                Conj/Tmut      #.........   100%        5    ######.
 Hydra Form               Tmut           #.........   100%        6    #######
 Statue Form              Tmut/Erth      #........    100%        6    #######
 Dragon Form              Tmut           #.........   100%        7    #######


Dungeon Overview and Level Annotations

Branches:
Dungeon (7/15)
 Temple: D:4-7

Altars:
Okawaru
Vehumet
Wu Jian
Xom
Yredelemnul
The Shining One

Annotations:
D:4 exclusion: downstairs
D:6 Blork the orc, Eustachio


Innate Abilities, Weirdness & Mutations

When hurt, damage is shared between your health and your magic reserves.
Your movements are less encumbered by armour. (ER -4)


Message History

The bullfrog closely misses you.
You hit the bullfrog.
The bullfrog is heavily wounded.
The bullfrog misses you. The bullfrog barely misses you.
You closely miss the bullfrog.
The bullfrog is heavily wounded.
The bullfrog misses you.
You slash the bullfrog!
The bullfrog is severely wounded.
The bullfrog hits you.
* * * LOW HITPOINT WARNING * * *
The bullfrog hits you but does no damage.
You barely miss the bullfrog.
The bullfrog is severely wounded.
The bullfrog barely misses you.
The bullfrog hits you but does no damage.
You closely miss the bullfrog.
The bullfrog is severely wounded.
The bullfrog hits you!
You die...

#.# ...
#.# #.#
##.##
...
####.#
#...@#
#..F.#
#....#
..#####
#.. #.
#


You could see a bullfrog.

Vanquished Creatures
  A centaur skeleton (D:4)
  2 adders (D:3)
  An ooze (D:2)
  2 worms
  3 dart slugs
  3 leopard geckos
  2 orcs
  3 bats
  6 giant cockroaches
  9 goblins
  11 hobgoblins
  6 jackals
  3 quokkas
  2 ball pythons (D:1)
  A ball python skeleton (D:4)
  6 frilled lizards
  6 kobolds
  A quokka skeleton (D:4)
  4 rats
72 creatures vanquished.

Notes
Turn   | Place    | Note
-------+----------+-------------------------------------------
     0 | Abyss:1  | Acheron the Demonspawn Abyssal Knight began the quest for
                  | the Orb.
     0 | Abyss:1  | Reached XP level 1. HP: 18/18 MP: 2/2
     8 | D:1      | Escaped the Abyss
    82 | D:1      | Reached skill level 1 in Dodging
   279 | D:1      | Gained mutation: Your movements are slightly less
                  | encumbered by armour. (ER -2) [demonic ancestry]
   279 | D:1      | Reached XP level 2. HP: 22/24 MP: 3/3
   658 | D:1      | Reached XP level 3. HP: 29/29 MP: 5/5
   909 | D:1      | Reached ** piety under Lugonu
  1273 | D:2      | Found a radiant altar of Vehumet.
  1402 | D:2      | Found a basalt altar of Yredelemnul.
  1638 | D:2      | Reached skill level 1 in Stealth
  2773 | D:2      | Found an iron altar of Okawaru.
  2773 | D:2      | Found a shimmering altar of Xom.
  3037 | D:3      | Gained mutation: When hurt, damage is shared between your
                  | health and your magic reserves. [demonic ancestry]
  3037 | D:3      | Reached XP level 4. HP: 29/35 MP: 6/6
  4074 | D:5      | Entered Level 5 of the Dungeon
  4074 | D:5      | Noticed a sky beast
  4354 | D:3      | Gained mutation: Your movements are less encumbered by
                  | armour. (ER -4) [demonic ancestry]
  4354 | D:3      | Reached XP level 5. HP: 41/41 MP: 7/7
  4397 | D:3      | Found a glowing golden altar of the Shining One.
  4777 | D:5      | Noticed a troll
  4781 | D:6      | Noticed Blork the orc
  4781 | D:6      | Noticed Eustachio
  4803 | D:6      | Noticed a sky beast
  4816 | D:6      | Found an ornate altar of the Wu Jian Council.
  4862 | D:7      | Slain by a bullfrog

Illustrated notes

Levels and vault maps discovered:
D:1:      minmay_arrival_solitary_statue, layout_loops_ring
D:2:      layout_loops_ring, lemuel_coloured_pillars_altar, vehumet_crystals,
          nicolae_overflow_hidden_temple, first_ration, hangedman_decor_push
D:3:      layout_loops_cross, tso_altar
D:4:      layout_basic, gammafunk_temple_overflow_statue,
          nicolae_ossuary_entry_catacombs
D:5:      cheibrodos_barr_body, layout_basic, zin_scriptorium,
          minmay_temple_entry_purple_smoke, basic_altar, uniq_duvessa
D:6:      layout_rooms, old_standard_altar, kennysheep_little_box, serial_shops,
          shop, uniq_prince_ribbit1, uniq_blork_the_orc, uniq_eustachio,
          uniq_maggie
D:7:      layout_loops_ring, slow_altar_1, lemuel_mausoleum_altar_kikubaaqudgha,
          uniq_joseph

Skill      XL: |  1  2  3 |
---------------+----------+-----
Dodging        | 1 |  1.8
Axes           | 2 |  2.9
Armour         | 2 |  2.0
Invocations    | 3 |  3.3
Stealth        | 1 |  1.4
Fighting       | |  3.5
Shields        | |  0.3
Spellcasting   | |  0.4
Evocations     | |  0.2

Action                   |  1- 3 |  4- 6 || total
-------------------------+-------+-------++-------
Melee: Hand axe          |   143 |   129 ||   272
  Use: Scroll            |     8 |     5 ||    13
       Potion            |       |     2 ||     2
 Stab: Sleeping          |     1 |     3 ||     4
  Eat: Chunk             |     3 |     6 ||     9
       Ration            |     1 |       ||     1
Armor: Leather armour    |    29 |    10 ||    39
       Scale mail        |       |    30 ||    30
Dodge: Dodged            |    92 |    95 ||   187
